 Dungeon Crawl Stone Soup version 0.30-a0-137-gd8773701ce (webtiles) character file.

Game seed: 3686720495806915636

275 jimonade the Magician (level 6, 0/40 HPs)
             Began as a Djinni Conjurer on Sept 21, 2022.
             Slain by a quokka (2 damage)
             ... on level 4 of the Dungeon.
             The game lasted 00:06:21 (4116 turns).

jimonade the Magician (Djinni Conjurer)             Turns: 4116, Time: 00:06:22

Health: 0/40       AC:  3    Str:  6    XL:     6   Next: 49%
Gold:   169        EV: 12    Int: 21    God:
                   SH:  0    Dex: 12

rFire   + + .      SeeInvis +    a - +3 short sword
rCold   x . .      Faith    .    (no shield)
rNeg    . . .      Spirit   .    k - +0 robe
rPois   ∞          Reflect  .    o - +0 helmet
rElec   .          Harm     .    (no cloak)
rCorr   .          Rampage  .    (no gloves)
Will    .....                    (boots unavailable)
Stlth   ++........               g - amulet of the acrobat
HPRegen 0.13/turn                c - ring of see invisible
MPRegen 0.00/turn                (no ring)

@: flying
A: sickness immunity, fire resistance 2, cold vulnerability 1, float, innate
caster, HP casting, extra vitality 1
a: no special abilities


You were on level 4 of the Dungeon.
You visited 1 branch of the dungeon, and saw 4 of its levels.

You collected 169 gold pieces.

Inventory:

Hand Weapons
 a - a +3 short sword (weapon)
Missiles
 d - 2 throwing nets
Armour
 k - a +0 robe (worn)
 o - a +0 helmet (worn)
Jewellery
 c - a ring of see invisible (left hand)
 g - an amulet of the acrobat (around neck)
Wands
 l - a wand of charming (9)
Scrolls
 e - a scroll of identify
 i - 3 scrolls of vulnerability {unknown}
 j - a scroll of fear
Potions
 b - a potion of flight {unknown}
 f - 3 potions of curing
 m - a potion of brilliance {unknown}


   Skills:
 - Level 2.1 Dodging
 - Level 1.5 Stealth
 + Level 5.7 Spellcasting


You couldn't memorise any spells.
You knew the following spells:

 Your Spells              Type           Power      Damage    Failure   Level
a - Magic Dart            Conj           100%       1d8       1%          1
b - Searing Ray           Conj           60%        2d6       1%          2
c - Dazzling Flash        Conj/Hex       60%        N/A       2%          3
d - Fulminant Prism       Conj/Hex       15%        3d11      10%         4
e - Iskenderun's Mystic   Conj/Tloc      30%        2d8       10%         4
f - Slow                  Hex            100%       N/A       1%          1
g - Poisonous Vapours     Pois/Air       60%        N/A       1%          2
Your spell library was empty.

Dungeon Overview and Level Annotations

Branches:
Dungeon (4/15)
 Temple: D:4-7

Altars:


Innate Abilities, Weirdness & Mutations

You are immune to sickness and miasma.
You are immune to poison.
Your flesh is very heat resistant. (rF++)
You are vulnerable to cold. (rC-)
You float through the air rather than walking.
You learn spells naturally, not from books.
Your magical power is your life essence.
You have superior vitality. (+4 MHP)


Message History

As you read the scroll labelled VIEFITR CEVUIM, it crumbles to dust.
The air around you briefly surges with heat, but it dissipates.
It was a scroll of immolation.
As you read the scroll labelled JEN LAXE WAGEY, it crumbles to dust.
You assume a fearsome visage.
Nothing appears to happen.
It was a scroll of fear.
Your surroundings suddenly seem different.
An endoplasm and a jackal come into view.
Found a ring mail.
The endoplasm quivers.
The jackal barks!
You hear a bark! x2
A jackal comes into view.
The endoplasm closely misses you.
A worm comes into view.
Okay, then.
Okay, then.
The endoplasm attacks as you move away! The endoplasm completely misses you.
Found 14 gold pieces.
The endoplasm attacks as you move away! The endoplasm misses you.
As you read the scroll of fear, it crumbles to dust.
You assume a fearsome visage.
The endoplasm looks frightened!
The jackal looks frightened! x2
A ball python comes into view.
You reach down and open the door.
A hound and a quokka come into view.
There is an open door here.
A jackal comes into view.
The jackal moves out of view.
The jackal barks!
The quokka closely misses you.
The jackal barks!
The quokka completely misses you. The quokka attacks as you move away!
The quokka misses you. The jackal attacks as you move away!
The jackal bites you.
* * * LOW HITPOINT WARNING * * *
There is a stone staircase leading up here.
The quokka completely misses you. The jackal bites you.
* * * LOW HITPOINT WARNING * * *
The jackal misses you. The quokka bites you.
You die...

.#.#.#.#w#.#.#.#.#.##
..............J.h...h#
###########'############.#
#.....# #.h.w.........
###.....####............
...............w.......#
##.....########........#
##..........#..r........
.............?@h........
#...)........h.....###
###..<.†...........#
##................#
####.................#
.................†....#
......................#
.....###.....#........#
####..^.#.#########......


You could see a worm, a quokka and 2 jackals.

Vanquished Creatures
  An ogre (D:3)
  3 gnolls (D:3)
  7 adders
  3 worms
  9 ball pythons
  6 endoplasms
  2 giant cockroaches (D:1)
  9 goblins
  8 hobgoblins
  9 jackals
  5 kobolds
  9 quokkas
  4 bats
  3 frilled lizards (D:1)
  6 rats
84 creatures vanquished.

Notes
Turn   | Place    | Note
-------+----------+-------------------------------------------
     0 | D:1      | jimonade the Djinni Conjurer began the quest for the Orb.
     0 | D:1      | jimonade set off with the following spells memorised: Magic
                  | Dart, Searing Ray, Dazzling Flash, Fulminant Prism,
                  | Iskenderun's Mystic Blast.
     0 | D:1      | Reached XP level 1. HP: 15/15 MP: 0/0
   235 | D:1      | Reached XP level 2. HP: 19/21 MP: 0/0
   551 | D:1      | Reached XP level 3. HP: 23/25 MP: 0/0
   551 | D:1      | Learned a level 1 spell: Slow
   751 | D:1      | Reached skill level 4 in Spellcasting
  1777 | D:2      | Reached XP level 4. HP: 24/31 MP: 0/0
  2860 | D:3      | Reached XP level 5. HP: 35/35 MP: 0/0
  2860 | D:3      | Learned a level 2 spell: Poisonous Vapours
  3306 | D:3      | Reached skill level 5 in Spellcasting
  3639 | D:3      | Noticed an ogre
  3652 | D:3      | Killed an ogre
  3653 | D:3      | Reached XP level 6. HP: 32/40 MP: 0/0
  4071 | D:4      | HP: 2/40 [worm (2)]
  4116 | D:4      | HP: 2/40 [jackal (1)]
  4116 | D:4      | Slain by a quokka

Illustrated notes

Levels and vault maps discovered:
D:1:      dpeg_arrival_fog, layout_basic, palyth_stone_intersect
D:2:      layout_basic
D:3:      layout_loops_ring
D:4:      wander_river, layout_rooms, mainiacjoe_overflow_concentric_impassable,
          minmay_temple_entry_mist, nicolae_ossuary_entry_catacombs,
          hangedman_minor_gate_pass, uniq_ijyb, uniq_duvessa

Skill      XL: |  1  2  3  4  5 |
---------------+----------------+-----
Spellcasting   | 4 5 |  5.7
Dodging        | |  2.1
Stealth        | |  1.5

Action                   |  1- 3 |  4- 6 || total
-------------------------+-------+-------++-------
Melee: Short sword       |       |    11 ||    11
 Cast: Magic Dart        |    72 |    72 ||   144
       Searing Ray       |     1 |     3 ||     4
       Poisonous Vapours |       |    20 ||    20
       Slow              |       |     3 ||     3
  Use: Scroll            |       |     5 ||     5
Armor: Robe              |     4 |     5 ||     9
Dodge: Dodged            |     4 |    20 ||    24

Table legend: (Time is in decaauts)
 A = Elapsed time spent in this place.
 B = Non-inter-level travel time spent in this place.
 C = Inter-level travel time spent in this place.
 D = Time resting spent in this place.
 E = Time spent auto-exploring this place.
 F = Levels seen in this place.
 G = Mean time per level.
                   A        B        C        D        E       F      G
               +--------+--------+--------+--------+--------+-----+--------+
         Total |   4113 |   4039 |     74 |      0 |   3603 |   4 | 1028.2 |
       Dungeon |   4113 |   4039 |     74 |      0 |   3603 |   4 | 1028.2 |
               +--------+--------+--------+--------+--------+-----+--------+

Top non-repeatable levels by time:
     D:1: 1630 daAuts
     D:3: 1224 daAuts
     D:2: 1189 daAuts
     D:4: 69 daAuts
